 Dungeon Crawl Stone Soup version 0.29.0-4-gdea44cf6ec (webtiles) character file.

Game seed: 6318645013033480146

42 qw the Ruffian (level 3, -8/28 HPs)
             Began as a Ghoul Fire Elementalist on Aug 29, 2022.
             Mangled by an iguana (12 damage)
             ... on level 2 of the Dungeon.
             The game lasted 00:01:35 (1671 turns).

qw the Ruffian (Ghoul Fire Elementalist)            Turns: 1671, Time: 00:01:35

Health: -8/28      AC:  5    Str: 13    XL:     3   Next: 56%
Magic:  4/4        EV: 10    Int: 10    God:
Gold:   98         SH:  0    Dex:  9    Spells: 4/5 levels left

rFire   . . .      SeeInvis .     - Unarmed
rCold   + . .      Faith    .   (no shield)
rNeg    + + +      Spirit   .   k - +0 ring mail
rPois   inf        Reflect  .   (no helmet)
rElec   .          Harm     .   (no cloak)
rCorr   .          Rampage  .   (no gloves)
Will    .....                   (no boots)
Stlth   +.........              (no amulet)
HPRegen 0.00/turn               (no ring)
MPRegen 0.09/turn               (no ring)

@: about to teleport, inhibited regen
A: claws 1, cold resistance 1, negative energy resistance 3, inhibited
regeneration, torment resistance 2, devour on kill
a: no special abilities


You were on level 2 of the Dungeon.
You visited 1 branch of the dungeon, and saw 2 of its levels.

You collected 98 gold pieces.


Innate Abilities, Weirdness & Mutations

You are immune to poison.
You have sharp fingernails.
Your flesh is cold resistant. (rC+)
You are immune to negative energy. (rN+++)
You do not regenerate when monsters are visible.
You are immune to unholy pain and torment.
You thrive by killing the living.


   Skills:
 - Level 1.0 Fighting
 - Level 1.7 Dodging
 - Level 2.1 Stealth
 + Level 3.1 Unarmed Combat
 - Level 1.7 Spellcasting
 - Level 0.7 Conjurations
 - Level 2.4 Fire Magic


You had 4 spell levels left.
You knew the following spells:

 Your Spells              Type           Power      Damage    Failure   Level
a - Foxfire               Conj/Fire      16%        2x1d4     36%         1

Your spell library contained the following spells:

 Spells                   Type           Power      Damage    Failure   Level
 Scorch                   Fire           10%        2d6       36%         2
 Conjure Flame            Conj/Fire      4%         6-21      73%         3
 Inner Flame              Hex/Fire       3%         N/A       78%         3
 Flame Wave               Conj/Fire      4%         2d5       98%         4

Inventory:

Armour
 k - a +0 ring mail (worn)
Scrolls
 g - a scroll of identify
 l - a scroll of teleportation
Potions
 d - a potion of heal wounds {unknown}
 i - a potion of brilliance {unknown}

Dungeon Overview and Level Annotations

Branches:
Dungeon (2/15)

Altars:


Message History

HP restored.
Found a stone staircase leading down.
Enter note: You now have 98 gold pieces (gained 12).
Found a potion of magic.
You see here a potion of magic.
You open the door.
A worm, 2 orcs and an endoplasm come into view.
The orc shouts!
The endoplasm quivers.
You hear a shout!
An orc comes into view. It is wielding a +0 flail.
An iguana comes into view.
The orc moves out of view.
The iguana hisses angrily.
Found 16 stones.
An orc wizard comes into view. It is wielding a +0 dagger.
1664 ||| Stepping ~*~*~tactically~*~*~ (hiding).
1665 ||| Stepping ~*~*~tactically~*~*~ (hiding).
You barely miss the iguana. The iguana bites you.
You barely miss the iguana.
The orc wizard gestures wildly while chanting.
The orc wizard flickers and vanishes!
Deactivating autopickup; reactivate with Ctrl-A.
The iguana bites you.
You scratch the iguana.
The iguana is lightly wounded.
The iguana bites you!
You scratch the iguana but do no damage.
The iguana is lightly wounded.
The iguana bites you but does no damage.
You scratch the iguana.
The iguana is lightly wounded.
The iguana bites you.
1671 ||| READING 2 scrolls of teleportation.
As you read the scroll of teleportation, it crumbles to dust.
You feel strangely unstable. The iguana bites you!
You die... ......##.# ........# ....... ..w.( oJo

#'# #o#
#l# #@#
#### #.#
...# #.#
##.# #.#
#.# #####
#.# #.#
#...# #.#
#.# #.#.#
#.# #<#
#.#.# #.#
######.#.#
##!#


You could see a worm, an iguana, 3 orcs and an endoplasm.

Vanquished Creatures
  A dart slug (D:2)
  5 ball pythons
  4 endoplasms
  A giant cockroach (D:1)
  3 goblins
  5 hobgoblins
  3 jackals (D:1)
  A quokka (D:1)
  5 bats (D:1)
  A frilled lizard (D:1)
  3 kobolds (D:1)
  3 rats (D:1)
35 creatures vanquished.

Notes
Turn   | Place    | Note
-------+----------+-------------------------------------------
     0 | D:1      | qw the Ghoul Fire Elementalist began the quest for the Orb.
     0 | D:1      | Reached XP level 1. HP: 14/14 MP: 2/2
     0 | D:1      | 0 ||| qw: Version: 0.1-a-90-g952f4b7
     0 | D:1      | 0 ||| qw: Game counter: 4148
     0 | D:1      | 0 ||| qw: Always use a shield: true
     0 | D:1      | 0 ||| qw: God list: Okawaru
     0 | D:1      | 0 ||| qw: Allow faded altars: false
     0 | D:1      | 0 ||| qw: Do Orc after D:15 true
     0 | D:1      | 0 ||| qw: Do second Lair branch before Depths: true
     0 | D:1      | 0 ||| qw: Lair rune preference: random
     0 | D:1      | 0 ||| qw: Plans: Normal
     0 | D:1      | 0 ||| PLANNING D:1-11
   216 | D:1      | Reached skill level 1 in Unarmed Combat
   347 | D:1      | Found a faded altar of an unknown god.
   419 | D:1      | Reached skill level 1 in Fighting
   419 | D:1      | Reached XP level 2. HP: 16/23 MP: 3/3
   539 | D:1      | 539 ||| Stepping ~*~*~tactically~*~*~ (stealth).
   541 | D:1      | 541 ||| Stepping ~*~*~tactically~*~*~ (stealth).
   543 | D:1      | 543 ||| Stepping ~*~*~tactically~*~*~ (stealth).
   546 | D:1      | 546 ||| Stepping ~*~*~tactically~*~*~ (stealth).
   547 | D:1      | 547 ||| Stepping ~*~*~tactically~*~*~ (stealth).
   548 | D:1      | 548 ||| Stepping ~*~*~tactically~*~*~ (stealth).
   549 | D:1      | 549 ||| Stepping ~*~*~tactically~*~*~ (stealth).
   593 | D:1      | 593 ||| Stepping ~*~*~tactically~*~*~ (stealth).
   748 | D:1      | 748 ||| Stepping ~*~*~tactically~*~*~ (stealth).
   752 | D:1      | 752 ||| Stepping ~*~*~tactically~*~*~ (stealth).
   759 | D:1      | Reached skill level 2 in Unarmed Combat
   984 | D:1      | Reached XP level 3. HP: 28/28 MP: 4/4
  1180 | D:1      | 1180 ||| Stepping ~*~*~tactically~*~*~ (stealth).
  1197 | D:1      | 1197 ||| Stepping ~*~*~tactically~*~*~ (stealth).
  1393 | D:1      | 1393 ||| Stepping ~*~*~tactically~*~*~ (stealth).
  1440 | D:1      | 1440 ||| UPGRADING to +0 leather armour.
  1450 | D:1      | 1450 ||| DROPPING +0 robe.
  1451 | D:1      | 1451 ||| UPGRADING to +0 ring mail.
  1461 | D:1      | 1461 ||| DROPPING +0 leather armour.
  1462 | D:1      | 1462 ||| READING 2 scrolls labelled FAOV VIRIRI.
  1463 | D:1      | 1463 ||| READING 3 scrolls labelled TOTIBAPR MUIMAINK.
  1464 | D:1      | 1464 ||| READING scroll labelled ALETUI YGEKLO.
  1465 | D:1      | 1465 ||| READING 3 scrolls labelled QYTHOI QYOKYRPH.
  1469 | D:1      | 1469 ||| READING scroll labelled XAYSEO RYNOZ.
  1470 | D:1      | 1470 ||| READING 2 scrolls of identify.
  1470 | D:1      | 1470 ||| IDENTIFYING blue potion
  1471 | D:1      | 1471 ||| DROPPING potion of magic.
  1472 | D:1      | 1472 ||| DROPPING potion of attraction.
  1473 | D:1      | 1473 ||| DROPPING scroll of vulnerability.
  1556 | D:2      | 1556 ||| Stepping ~*~*~tactically~*~*~ (hiding).
  1569 | D:2      | Reached skill level 3 in Unarmed Combat
  1664 | D:2      | 1664 ||| Stepping ~*~*~tactically~*~*~ (hiding).
  1665 | D:2      | 1665 ||| Stepping ~*~*~tactically~*~*~ (hiding).
  1670 | D:2      | HP: 4/28 [iguana (4)]
  1671 | D:2      | 1671 ||| READING 2 scrolls of teleportation.
  1671 | D:2      | Mangled by an iguana

Levels and vault maps discovered:
D:1:      tarquinn_simple_flora_water_a, layout_basic,
          chequers_ecumenical_altar_island, hangedman_decor_clover_reticule,
          minmay_pentomino_r2
D:2:      layout_basic

Skill      XL: |  1  2  3 |
---------------+----------+-----
Unarmed Combat | 1 2 3 |  3.1
Fighting       | 1 |  1.0
Dodging        | |  1.7
Stealth        | |  2.1
Spellcasting   | |  1.7
Conjurations   | |  0.7
Fire Magic     | |  2.4

Action                   || total
-------------------------++-------
Melee: Unarmed           ||   128
  Use: Scroll            ||     7
Armor: Robe              ||    13
       Ring mail         ||     5
Dodge: Dodged            ||    71

Table legend:
 A = Non-vault XP
 B = Vault XP
 C = Vault XP percentage of total XP
 D = Non-vault monster count
 E = Vault monster count
 F = Vault count percentage of total count
                 A         B        C        D         E       F
            +---------+---------+-------+---------+---------+-------
      Total |      58 |       3 |   4.9 |      33 |       2 |   5.7
            +---------+---------+-------+---------+---------+-------
        D:1 |      47 |       3 |   6.0 |      28 |       2 |   6.7
        D:2 |      11 |       0 |   0.0 |       5 |       0 |   0.0
            +---------+---------+-------+---------+---------+-------
